 Dungeon Crawl Stone Soup version 0.30-a0-1160-g6e42c06551 (webtiles) character file.

Game seed: 318794394781517201

29 mandoloar the Insei (level 3, -1/23 HPs)
             Began as an Octopode Transmuter on Apr 25, 2023.
             Succumbed to an adder's poison
             ... on level 2 of the Dungeon.
             The game lasted 00:05:35 (2014 turns).

mandoloar the Insei (Octopode Transmuter)           Turns: 2014, Time: 00:05:36

Health: -1/23      AC:  1    Str:  9    XL:     3   Next: 16%
Magic:  3/6        EV: 13    Int: 17    God:
Gold:   11         SH:  0    Dex: 12    Spells: 3/6 levels left

rFire   . . .        a - +0 dagger
rCold   . . .        (no shield)
rNeg    . . .        (helmet currently unavailable)
rPois   .            (no amulet)
rElec   .            (no ring)
rCorr   .            (no ring)
SInv    .            (no ring)
Will    .....        (no ring)
Stlth   +++          (no ring)
HPRegen 0.23/turn    (no ring)
MPRegen 0.10/turn    (no ring)
                     (no ring)

%: no passive effects
@: lethally poisoned (-1 -> -10), appendages (expiring), wereblooded
A: tentacle spike 3, almost no armour, amphibious, 8 rings, camouflage 1,
gelatinous body 1, (nimble swimmer 1), tentacles
a: End Transformation


You were on level 2 of the Dungeon.
One of your tentacles had grown a beastly spike.
You visited 1 branch of the dungeon, and saw 2 of its levels.

You collected 11 gold pieces.

Inventory:

Hand Weapons
 a - a +0 dagger (weapon)
Missiles
 j - 15 stones
Potions
 b - a potion of lignification
 c - a potion of flight {unknown}
 e - a potion of berserk rage {unknown}


   Skills:
 + Level 1.6 Fighting
 + Level 2.4 Dodging
 + Level 1.8 Stealth
 + Level 3.3 Unarmed Combat
 - Level 2.0 Spellcasting
 - Level 2.0 Transmutations


You had 3 spell levels left.
You knew the following spells:

 Your Spells              Type           Power      Damage    Failure   Level
a - Beastly Appendage     Tmut           16%        N/A       9%          1
b - Wereblood             Tmut           8%         N/A       13%         2

Your spell library contained the following spells:

 Spells                   Type           Power      Damage    Failure   Level
 Spider Form              Tmut/Pois      5%         N/A       36%         3
 Ice Form                 Ice/Tmut       5%         N/A       77%         4


Dungeon Overview and Level Annotations

Branches:
Dungeon (2/15)

Altars:

Annotations:
D:2 Jessica, Terence


Innate Abilities, Weirdness & Mutations

One of your tentacles has grown a beastly spike.
You cannot wear most types of armour.
You are amphibious.
You can wear up to eight rings at the same time.
Your skin changes colour to match your surroundings (Stealth+).
Your rubbery body absorbs attacks. (AC +1, EV +1)
((You are camouflaged when in or above water. (Stealth+)))
You have tentacles for arms and can constrict up to eight enemies at once.


Message History

Your blood is infused with primal strength.
The adder completely misses you.
Casting: Wereblood (safe; 13% risk of failure)
Confirm with . or Enter, or press ? or * to list all spells.
One of your tentacles grows a vicious spike.
The adder bites you.
You hit the adder but do no damage. Your grab misses the adder.
Your tentacle spike misses the adder.
The adder bites you. x2
You are poisoned.
The adder poisons you!
You closely miss the adder. Your grab misses the adder.
You pierce the adder.
The adder is severely wounded.
You feel sick. The adder bites you.
You are lethally poisoned!
The adder poisons you!
Okay, then.
You hit the adder but do no damage. Your grab misses the adder.
Your tentacle spike misses the adder.
Your squeeze misses the adder.
The adder is severely wounded.
You feel very sick. The adder completely misses you.
You hit the adder but do no damage. Your grab misses the adder.
The adder is severely wounded.
* * * LOW HITPOINT WARNING * * *
You feel sick. The adder bites you.
* * * LOW HITPOINT WARNING * * *
You are more poisoned.
The adder poisons you! The adder bites you.
* * * LOW HITPOINT WARNING * * *
You closely miss the adder. Your grab misses the adder.
Your squeeze misses the adder.
The adder is severely wounded.
* * * LOW HITPOINT WARNING * * *
You feel sick. The adder closely misses you.
You hit the adder but do no damage. You grab the adder.
Your tentacle spike misses the adder.
You squeeze the adder.
You feel a bit better.
You kill the adder!
Your transformation is almost over.
You die...

#.. #.# #.# #.#
#.# #.# #.#
#########.#
##.....@...#
##.....#######
#............#
#......#####.##
#.#...## #...## #
##.# #.###.### #.
... #...## ##
###.###....######
................


There were no monsters in sight!

Vanquished Creatures
  An adder (D:2)
  3 bats
  4 endoplasms
  A giant cockroach (D:1)
  3 goblins (D:1)
  2 hobgoblins (D:1)
  2 quokkas (D:1)
  3 ball pythons (D:1)
  2 frilled lizards (D:1)
  3 kobolds (D:1)
  2 rats (D:1)
26 creatures vanquished.

Vanquished Creatures (others)
  2 plants (D:1)
2 creatures vanquished.

Grand Total: 28 creatures vanquished

Notes
Turn   | Place    | Note
-------+----------+-------------------------------------------
     0 | D:1      | mandoloar the Octopode Transmuter began the quest for the
                  | Orb.
     0 | D:1      | Reached XP level 1. HP: 13/13 MP: 3/3
   277 | D:1      | Reached skill level 1 in Stealth
   277 | D:1      | Reached XP level 2. HP: 14/18 MP: 5/5
   398 | D:1      | Learned a level 2 spell: Wereblood
  1062 | D:1      | Reached XP level 3. HP: 22/23 MP: 2/6
  1624 | D:2      | Noticed Terence
  1998 | D:2      | Noticed Jessica
  2013 | D:2      | HP: 1/23 [poisoned by an adder]
  2014 | D:2      | Succumbed to an adder's poison

Illustrated notes

Levels and vault maps discovered:
D:1:      dpeg_arrival_three_bigger_balls, layout_loops_ring, serial_forest,
          infiniplex_forest_end_3, infiniplex_forest_clump_double,
          infiniplex_forest_corner_1, infiniplex_forest_lined_3,
          infiniplex_forest_diagonal, infiniplex_forest_clump_curved,
          infiniplex_forest_end_1, st_stairs_1, kennysheep_minor_cross
D:2:      layout_loops_ring, ebering_ecumenical_altar_webs, uniq_terence,
          uniq_jessica, uniq_crazy_yiuf_cottage

Skill      XL: |  1 |
---------------+----+-----
Stealth        | 1 |  1.8
Fighting       | |  1.6
Dodging        | |  2.4
Unarmed Combat | |  3.3
Spellcasting   | |  2.0
Transmutations | |  2.0

Action                     || total
---------------------------++-------
  Melee: Dagger            ||    63
         Club              ||     6
         Constrict         ||    17
         Tentacles         ||    11
         Kick              ||    15
         Punch             ||     1
   Cast: Beastly Appendage ||    18
         Wereblood         ||    12
    Use: Scroll            ||     1
   Stab: Sleeping          ||     3
 Armour: Skin              ||     2
  Dodge: Dodged            ||    49

Table legend: (Time is in decaauts)
 A = Elapsed time spent in this place.
 B = Non-inter-level travel time spent in this place.
 C = Inter-level travel time spent in this place.
 D = Time resting spent in this place.
 E = Time spent auto-exploring this place.
 F = Levels seen in this place.
 G = Mean time per level.
                   A        B        C        D        E       F      G
               +--------+--------+--------+--------+--------+-----+--------+
         Total |   2016 |   1853 |    163 |    324 |   1202 |   2 | 1008.0 |
       Dungeon |   2016 |   1853 |    163 |    324 |   1202 |   2 | 1008.0 |
               +--------+--------+--------+--------+--------+-----+--------+

Top non-repeatable levels by time:
     D:1: 1733 daAuts
     D:2: 282 daAuts
